cohdb
Replays
Latest Replays
All Replays
Popular Replays
Top Player Replays
Match Explorer
How It Works
Community
CoH3 Stats
Reddit
Sign in to upload your games and track your stats! →
Sign in with Steam
Match 46372842
Unlisted
Match 46372842
Overview
Messages
Build Orders
End
Royal Engineer Section
Vickers Machine Gun Team
Selects Indian Artillery Battlegroup
Construct Section Command Post
Infantry Section
Infantry Section
Construct Platoon Command Post
Selects Towed ML 4.2-inch Heavy Mortar
Towed ML 4.2-inch Heavy Mortar
Infantry Training
Construct Field Infirmary
Selects Valour
Selects Gurkha Rifles Section
Gurkha Rifles Section
Construct Company Command Post
Foot Guards Section
Foot Guards Section
Selects Volunteer Infantry
Crusader II Medium Tank
Crusader II Medium Tank
Armored Vehicle Training
Selects Off-map Airburst Barrage
Crusader II Medium Tank
Grenade Package
CAuMOH
✠Kaiser✠ tushkan
Obersol
MMMerVVV
0
0
Comments
sign in to comment!
No comments posted yet!